 Dungeon Crawl Stone Soup version 0.27-a0-1597-ge58577e147 (webtiles) character file.

Game seed: 257859326861032208

174 DocSulfur the Changer (level 5, -1/40 HPs)
             Began as a Draconian Transmuter on July 21, 2021.
             Shot with an arrow by a centaur (13 damage)
             ... on level 4 of the Dungeon.
             The game lasted 00:05:28 (2734 turns).

DocSulfur the Changer (Draconian Transmuter)        Turns: 2734, Time: 00:05:29

Health: -1/40      AC:  5    Str: 12    XL:     5   Next: 28%
Magic:  10/10      EV: 12    Int: 15    God:
Gold:   42         SH:  0    Dex: 11    Spells: 4/10 levels left

rFire    . . .     SeeInvis .     - Unarmed
rCold    . . .     Faith    .   (no shield)
rNeg     . . .     Spirit   .   (armour unavailable)
rPois    +         Reflect  .   (helmet restricted)
rElec    .         Harm     .   (no cloak)
rCorr    .         Rampage  .   (no gloves)
Will     .....                  (no boots)
Stlth    +.........             c - amulet of regeneration
HPRegen  1.13/turn              h - ring of poison resistance
MPRegen  0.12/turn              (no ring)

@: no status effects
A: AC +5, unfitting armour, cold-blooded
a: no special abilities


You were on level 4 of the Dungeon.
You visited 1 branch of the dungeon, and saw 4 of its levels.

You collected 42 gold pieces.

Inventory:

Armour
 a - a +0 buckler
Jewellery
 c - an amulet of regeneration (around neck)
 h - a ring of poison resistance (left hand)
Scrolls
 d - a scroll of summoning {unknown}
 e - 3 scrolls of identify {unknown}
 g - a scroll of brand weapon {unknown}
 i - 2 scrolls of noise {unknown}
Potions
 b - 4 potions of haste {unknown}
 f - 3 potions of curing {unknown}


   Skills:
 - Level 1.1 Fighting
 - Level 1.7 Dodging
 + Level 0.8 Stealth
 - Level 3.0 Unarmed Combat
 + Level 3.4 Spellcasting
 + Level 3.4 Transmutations
 * Level 2.4 Poison Magic


You had 4 spell levels left.
You knew the following spells:

 Your Spells              Type           Power      Damage    Failure   Level
a - Beastly Appendage     Tmut           24%        N/A       4%          1
b - Spider Form           Tmut/Pois      5%         N/A       17%         3
c - Wereblood             Tmut           12%        N/A       7%          2

Your spell library contained the following spells:

 Spells                   Type           Power      Damage    Failure   Level
 Shock                    Conj/Air       8%         1d3       19%         1
 Corpse Rot               Necr/Air       N/A        N/A       28%         2
 Swiftness                Air            2%         N/A       50%         3
 Ice Form                 Ice/Tmut       7%         N/A       67%         4
 Airstrike                Air            1%         N/A       88%         4
 Dispel Undead            Necr           2%         3d7       88%         4
 Conjure Ball Lightning   Conj/Air       1%         3x3d6     100%        6
 Death Channel            Necr           1%         N/A       100%        6
 Discord                  Hex            1%         N/A       100%        8
 Disjunction              Tloc           1%         N/A       100%        8


Dungeon Overview and Level Annotations

Branches:
Dungeon (4/15)
 Temple: D:4-7

Altars:


Innate Abilities, Weirdness & Mutations

Your plain brown scales are hard. (AC +5)
You cannot fit into any form of body armour.
You are cold-blooded and may be slowed by cold attacks.


Message History

2 orcs come into view.
An orc is wielding a +2 whip of freezing.
The orc shouts! x2
The orc priest shouts!
Your transformation is almost over.
Things that are here:
a +0 trident; an orc corpse
There is an open door, spattered with blood here.
There is a stone staircase leading up here.
You climb upwards.
There is a stone staircase leading down here.
You see here a +0 dagger.
Your horns disappear.
Your talons disappear.
There is an open door here.
There is a stone staircase leading down here.
You climb downwards.
There is a stone staircase leading up here.
Found a glowing purple potion.
f - 2 glowing purple potions (gained 1)
Found 19 stones.
Found a glowing purple potion.
f - 3 glowing purple potions (gained 1)
Found a scroll labelled FAZALIU KITSU.
i - 2 scrolls labelled FAZALIU KITSU (gained 1)
A centaur and a dart slug come into view.
The centaur shouts!
The centaur wields a +0 shortbow.
The centaur shoots an arrow.
The arrow hits you. The dart slug launches a dart at you.
The slug dart hits you but does no damage.
The centaur shoots an arrow.
The arrow hits you!
The centaur shoots an arrow.
The arrow hits you!
The centaur shoots an arrow.
The arrow hits you!
The centaur shoots an arrow.
The arrow hits you.
* * * LOW HITPOINT WARNING * * *
The centaur shoots an arrow.
The arrow hits you!
* * * LOW HITPOINT WARNING * * *
Found a blackened malachite amulet.
The centaur shoots an arrow.
The arrow hits you!
You die...

". .. .. .# .#
.# ########.#
#......@.#
#c##############
#.# #.......#
#.# #.#####.#
#.# #.# #.# #.#
#.# #.# #.# #.#
#.# ## #c#
####.# #.# ..
#.###....# #.#


You could see a centaur.

Vanquished Creatures
  A phantom (D:3)
  3 adders
  3 worms
  2 dart slugs
  4 orcs
  A ball python (D:1)
  8 endoplasms
  A giant cockroach (D:3)
  4 goblins
  3 hobgoblins
  2 jackals (D:1)
  2 bats (D:3)
  8 frilled lizards
  10 kobolds
  5 rats
57 creatures vanquished.

Notes
Turn   | Place    | Note
-------+----------+-------------------------------------------
     0 | D:1      | DocSulfur the Draconian Transmuter began the quest for the
                  | Orb.
     0 | D:1      | Reached XP level 1. HP: 16/16 MP: 3/3
   102 | D:1      | Reached skill level 1 in Poison Magic
   102 | D:1      | Reached XP level 2. HP: 20/23 MP: 3/5
   761 | D:2      | Reached XP level 3. HP: 28/28 MP: 3/6
   999 | D:2      | Found a faded altar of an unknown god.
  1851 | D:3      | Noticed a phantom
  1878 | D:3      | Killed a phantom
  1879 | D:3      | Reached XP level 4. HP: 7/35 MP: 8/8
  1966 | D:3      | Reached XP level 5. HP: 40/40 MP: 9/9
  2579 | D:3      | Learned a level 3 spell: Spider Form
  2582 | D:3      | Learned a level 2 spell: Wereblood
  2719 | D:4      | Noticed a centaur
  2734 | D:4      | Shot with an arrow by a centaur

Illustrated notes

Levels and vault maps discovered:
D:1:      dpeg_arrival_simpleton_b, layout_basic
D:2:      layout_loops_cross, shapermc_ecumenical_altar_mp_highgroup
D:3:      layout_basic
D:4:      layout_basic

Skill      XL: |  1  2  3 |
---------------+----------+-----
Poison Magic   | 1 2 |  2.4
Spellcasting   | 3 |  3.4
Transmutations | 3 |  3.4
Fighting       | |  1.1
Dodging        | |  1.7
Stealth        | |  0.8
Unarmed Combat | |  3.0

Action                   |  1- 3 |  4- 6 || total
-------------------------+-------+-------++-------
Melee: Unarmed           |   143 |    68 ||   211
       Kick              |    25 |    15 ||    40
       Headbutt          |    13 |     4 ||    17
       Tailslap          |    12 |     5 ||    17
       Punch             |       |     2 ||     2
 Cast: Beastly Appendage |    53 |    13 ||    66
 Stab: Sleeping          |     1 |       ||     1
Armor: Skin              |    35 |    21 ||    56
Dodge: Dodged            |    76 |    42 ||   118

Table legend: (Time is in decaauts)
 A = Elapsed time spent in this place.
 B = Non-inter-level travel time spent in this place.
 C = Inter-level travel time spent in this place.
 D = Time resting spent in this place.
 E = Time spent auto-exploring this place.
 F = Levels seen in this place.
 G = Mean time per level.
                   A        B        C        D        E       F      G
               +--------+--------+--------+--------+--------+-----+--------+
         Total |   2724 |   2609 |    115 |     20 |   1738 |   4 |  681.0 |
       Dungeon |   2724 |   2609 |    115 |     20 |   1738 |   4 |  681.0 |
               +--------+--------+--------+--------+--------+-----+--------+

Top non-repeatable levels by time:
     D:2: 979 daAuts
     D:3: 885 daAuts
     D:1: 711 daAuts
     D:4: 148 daAuts
